 Dungeon Crawl Stone Soup version 0.29-a0-923-g6e406bff71 (webtiles) character file.

Game seed: 1460682845211098124

43 testman the Nimble (level 3, -3/28 HPs)
             Began as a Gnoll Wanderer on July 27, 2022.
             Was a Follower of Cheibriados.
             Slain by a kobold
             ... wielding a +3 short sword of protection
              (4 damage)
             ... on level 2 of the Dungeon.
             The game lasted 00:02:57 (1118 turns).

testman the Nimble (Gnoll Wanderer)                 Turns: 1118, Time: 00:02:58

Health: -3/28      AC:  4    Str: 15    XL:     3   Next: 58%
Magic:  5/5        EV: 17    Int: 12    God:    Cheibriados [*.....]
Gold:   49         SH:  0    Dex: 17    Spells: 3/3 levels left

rFire   . . .      SeeInvis .   a - +3 mace
rCold   . . .      Faith    .   (no shield)
rNeg    . . .      Spirit   .   d - +0 leather armour
rPois   .          Reflect  .   b - +0 helmet
rElec   .          Harm     .   (no cloak)
rCorr   .          Rampage  .   (no gloves)
Will    .....                   (no boots)
Stlth   ++........              (no amulet)
HPRegen 0.09/turn               (no ring)
MPRegen 0.09/turn               (no ring)

@: lethally poisoned (-3 -> -8), very slow
A: fangs 1, strong nose, distributed training
a: Renounce Religion, Bend Time


You were on level 2 of the Dungeon.
You worshipped Cheibriados.
Cheibriados was aware of your devotion.
You visited 1 branch of the dungeon, and saw 2 of its levels.

You collected 49 gold pieces.

Inventory:

Hand Weapons
 a - a +3 mace (weapon)
Armour
 b - a +0 helmet (worn)
 d - a +0 leather armour (worn)
Jewellery
 i - an amulet of faith
Scrolls
 c - 2 scrolls of blinking
 e - a scroll of amnesia {unknown}
 g - a scroll of butterflies {unknown}
 j - a scroll of magic mapping {unknown}
Potions
 f - a potion of haste {unknown}
 h - 2 potions of heal wounds {unknown}
 k - a potion of brilliance {unknown}


   Skills:
 + Level 2.6 Fighting
 + Level 0.9 Short Blades
 + Level 0.9 Long Blades
 + Level 0.9 Axes
 + Level 6.5 Maces & Flails
 + Level 0.9 Polearms
 + Level 0.9 Staves
 + Level 0.9 Ranged Weapons
 + Level 0.9 Throwing
 + Level 0.9 Armour
 + Level 10.4 Dodging
 + Level 0.9 Stealth
 + Level 0.9 Shields
 + Level 0.9 Unarmed Combat
 + Level 0.9 Spellcasting
 + Level 0.6 Conjurations
 + Level 0.6 Hexes
 + Level 0.6 Summonings
 + Level 0.6 Necromancy
 + Level 0.6 Translocations
 + Level 0.6 Transmutations
 + Level 0.6 Fire Magic
 + Level 0.6 Ice Magic
 + Level 0.6 Air Magic
 + Level 0.6 Earth Magic
 + Level 0.6 Poison Magic
 + Level 2.7 Invocations
 + Level 0.9 Evocations


You had 3 spell levels left.
You didn't know any spells.
Your spell library contained the following spells:

 Spells                   Type           Power      Damage    Failure   Level
 Beastly Appendage        Tmut           4%         N/A       28%         1
 Wereblood                Tmut           2%         N/A       41%         2
 Spider Form              Tmut/Pois      2%         N/A       65%         3


Dungeon Overview and Level Annotations

Branches:
Dungeon (2/15)

Altars:
Cheibriados


Innate Abilities, Weirdness & Mutations

You have very sharp teeth.
Your uncanny sense of smell can sniff out nearby items.
Your experience applies equally to all skills.


Message History

You kill the orc!
Cheibriados appreciates the change of pace.
You feel sick.
You closely miss the adder.
You feel very sick. The adder completely misses you. The adder misses you.
You hit the adder.
The adder is moderately wounded.
You feel sick. The adder closely misses you.
You closely miss the adder.
The adder is moderately wounded.
You feel sick. The adder bites you.
You are lethally poisoned!
The adder poisons you! The kobold misses you.
You are too injured to fight recklessly!
You are too injured to fight recklessly!
You are too injured to fight recklessly!
You are too injured to fight recklessly!
You are too injured to fight recklessly!
You feel very sick. The adder closely misses you.
You thump the adder!
The adder is almost dead.
You feel sick. The adder closely misses you. The adder barely misses you.
You hit the adder.
The adder is almost dead.
* * * LOW HITPOINT WARNING * * *
You feel sick. The kobold misses you. The adder barely misses you.
You barely miss the adder.
The adder is almost dead.
* * * LOW HITPOINT WARNING * * *
You feel sick. The adder bites you but does no damage. The kobold misses you.
The adder bites you.
* * * LOW HITPOINT WARNING * * *
You barely miss the adder. Your bite misses the adder.
The adder is almost dead.
* * * LOW HITPOINT WARNING * * *
You feel sick.
The kobold hits you with a +3 short sword of protection.
You die...

####.......#
######....#####.#
....##....# #.#
##...#....#####.##
##..........##...###
............>..#.>.#
............##...#.######
.........######.##)......
##..............@S.......
##.......########K#######
........## #.# ....#.#.#
#.# #######.# #.# .....#
# #.# ####.# #.# #.# ..
#.# #.# #.


You could see an adder and a kobold.

Vanquished Creatures
  An orc (D:2)
  4 endoplasms (D:1)
  3 giant cockroaches (D:1)
  3 hobgoblins (D:1)
  2 jackals (D:1)
  2 quokkas (D:1)
  5 ball pythons
  5 bats
  A frilled lizard (D:1)
  5 goblins
  4 kobolds
  2 rats (D:1)
37 creatures vanquished.

Notes
Turn   | Place    | Note
-------+----------+-------------------------------------------
     0 | D:1      | Reached skill level 10 in Dodging
     0 | D:1      | testman the Gnoll Wanderer began the quest for the Orb.
     0 | D:1      | testman set off with the following items: a +3 mace, a +0
                  | helmet, a scroll of blinking, a +0 leather armour.
     0 | D:1      | Reached XP level 1. HP: 17/17 MP: 2/2
   178 | D:1      | Reached XP level 2. HP: 21/23 MP: 3/3
   504 | D:1      | Reached XP level 3. HP: 28/28 MP: 4/4
   826 | D:2      | Found a faded altar of an unknown god.
   832 | D:2      | Prayed at the altar of an unknown god.
   832 | D:2      | Became a worshipper of Cheibriados the Contemplative
   832 | D:2      | Reached * piety under Cheibriados
  1118 | D:2      | HP: 1/28 [poisoned by an adder]
  1118 | D:2      | Slain by a kobold

Illustrated notes

Levels and vault maps discovered:
D:1:      shiori_arrival_oz, layout_basic
D:2:      layout_loops_ring, nicolae_ecumenical_oubliette

Skill      XL: | |
---------------+-+-----
Dodging        | | 10.4
Fighting       | |  2.6
Short Blades   | |  0.9
Long Blades    | |  0.9
Axes           | |  0.9
Maces & Flails | |  6.5
Polearms       | |  0.9
Staves         | |  0.9
Ranged Weapons | |  0.9
Throwing       | |  0.9
Armour         | |  0.9
Stealth        | |  0.9
Shields        | |  0.9
Unarmed Combat | |  0.9
Spellcasting   | |  0.9
Conjurations   | |  0.6
Hexes          | |  0.6
Summonings     | |  0.6
Necromancy     | |  0.6
Translocations | |  0.6
Transmutations | |  0.6
Fire Magic     | |  0.6
Ice Magic      | |  0.6
Air Magic      | |  0.6
Earth Magic    | |  0.6
Poison Magic   | |  0.6
Invocations    | |  2.7
Evocations     | |  0.9

Action                   || total
-------------------------++-------
Melee: Mace              ||    80
       Bite              ||     7
 Stab: Sleeping          ||     2
Armor: Leather armour    ||    18
Dodge: Dodged            ||    71

Table legend: (Time is in decaauts)
 A = Elapsed time spent in this place.
 B = Non-inter-level travel time spent in this place.
 C = Inter-level travel time spent in this place.
 D = Time resting spent in this place.
 E = Time spent auto-exploring this place.
 F = Levels seen in this place.
 G = Mean time per level.
                   A        B        C        D        E       F      G
               +--------+--------+--------+--------+--------+-----+--------+
         Total |   1206 |   1120 |     86 |      0 |    902 |   2 |  603.0 |
       Dungeon |   1206 |   1120 |     86 |      0 |    902 |   2 |  603.0 |
               +--------+--------+--------+--------+--------+-----+--------+

Top non-repeatable levels by time:
     D:1: 898 daAuts
     D:2: 307 daAuts
